ORI
UNIVERSITY OF MINNESOTA GOLDEN GOPHERS @ UNIVERSITY OF SOUTHERN CALIFORNIA TROJANS
09/24/2045
 
TOP OF THE 1ST
University of Minnesota Golden Gophers batting - Pitching for University of Southern California Trojans : LHP Ray Paul
Pitching: LHP Ray Paul
Batting: SHB J.T. Ready 0-0: Ball
1-0: Foul Ball, location: 2F
1-1: Called Strike
1-2: Ball
2-2: Ball
3-2: SOLO HOME RUN (Flyball, 89XD, EV 105.0 MPH), Distance : 436 ft
Batting: RHB Jim Unknown 0-0: Called Strike
0-1: Foul Ball, location: 2F
0-2: Strikes out swinging
Batting: RHB Curtis Montgomery 0-0: DOUBLE (Flyball, 7LD, EV 91.2 MPH)
Batting: RHB Ramiro Vega 0-0: Ground out 4-3 (Groundball, 34, EV 83.8 MPH)
Curtis Montgomery to third
Batting: LHB David Kyle 0-0: Ball
1-0: Ball
2-0: Ball
3-0: Called Strike
3-1: Foul Ball, location: 2F
3-2: Fly out, F7 (Flyball, 7S, EV 78.8 MPH)
Top of the 1st over - 1 run, 2 hits, 0 errors, 1 left on base; University of Minnesota 1 - University of Southern California 0
BOTTOM OF THE 1ST
University of Southern California Trojans batting - Pitching for University of Minnesota Golden Gophers : RHP Mario Mata
Pitching: RHP Mario Mata
Batting: LHB Nick Deen 0-0: Ball
1-0: Ball
2-0: Fly out, F9 (Flyball, 9LS, EV 88.8 MPH)
Batting: LHB Kien-lung Zou 0-0: Fly out, F9 (Flyball, 9, EV 96.2 MPH)
Batting: RHB Carlos Livas 0-0: Ball
1-0: Ground out 6-3 (Groundball, 6, EV 79.4 MPH)
Bottom of the 1st over - 0 runs, 0 hits, 0 errors, 0 left on base; University of Minnesota 1 - University of Southern California 0
TOP OF THE 2ND
University of Minnesota Golden Gophers batting - Pitching for University of Southern California Trojans : LHP Ray Paul
Batting: RHB Jim Unknown 0-0: Fly out, F9 (Flyball, 9LM, EV 88.8 MPH)
Batting: RHB Jim Unknown 0-0: Swinging Strike
0-1: Foul Ball, location: 2F
0-2: Strikes out swinging
Batting: RHB Jim Unknown 0-0: Foul Ball, location: 2F
0-1: Ground out 4-3 (Groundball, 4, EV 86.2 MPH)
Top of the 2nd over - 0 runs, 0 hits, 0 errors, 0 left on base; University of Minnesota 1 - University of Southern California 0
BOTTOM OF THE 2ND
University of Southern California Trojans batting - Pitching for University of Minnesota Golden Gophers : RHP Mario Mata
Batting: LHB Jayden Pelayo 0-0: Ball
1-0: Called Strike
1-1: Called Strike
1-2: Strikes out looking
Batting: RHB Toshinori Tajima 0-0: Foul Ball, location: 2F
0-1: Ball
1-1: SINGLE (Groundball, 4D, EV 108.8 MPH)
Batting: RHB Neal Perucci 0-0: Called Strike
0-1: Ball
1-1: Ball
2-1: Ball
3-1: SINGLE (Line Drive, 89M, EV 100.0 MPH)
Toshinori Tajima to second
Batting: LHB Jackson Wither 0-0: Foul Ball, location: 2F
0-1: Fielders Choice at 2nd, 2-4 (Groundball, 2L, EV 61.9 MPH)
Toshinori Tajima to third
Batting: RHB Paul Ngumi 0-0: Swinging Strike
0-1: Called Strike
0-2: Foul Ball, location: 2F
0-2: Ball
Wild Pitch!
Toshinori Tajima scores
Jackson Wither to second
1-2: Foul Ball, location: 2F
1-2: Ball
2-2: Ground out U3 (Groundball, 3, EV 89.4 MPH)
Bottom of the 2nd over - 1 run, 2 hits, 0 errors, 1 left on base; University of Minnesota 1 - University of Southern California 1
TOP OF THE 3RD
University of Minnesota Golden Gophers batting - Pitching for University of Southern California Trojans : LHP Ray Paul
Batting: RHB Jim Unknown 0-0: Swinging Strike
0-1: Ball
1-1: Foul Ball, location: 2F
1-2: Fly out, F8 (Flyball, 78XD, EV 103.8 MPH)
Batting: SHB J.T. Ready 0-0: Called Strike
0-1: Called Strike
0-2: Foul Ball, location: 2F
0-2: Ball
1-2: Foul Ball, location: 2F
1-2: Foul Ball, location: 2F
1-2: Ball
2-2: Ball
3-2: Foul Ball, location: 2F
3-2: Strikes out swinging
Batting: RHB Jim Unknown 0-0: Ball
1-0: Ball
2-0: Swinging Strike
2-1: Ball
3-1: Called Strike
3-2: Strikes out swinging
Top of the 3rd over - 0 runs, 0 hits, 0 errors, 0 left on base; University of Minnesota 1 - University of Southern California 1
BOTTOM OF THE 3RD
University of Southern California Trojans batting - Pitching for University of Minnesota Golden Gophers : RHP Mario Mata
Batting: RHB Dermott Ayliffe 0-0: Called Strike
0-1: Foul Ball, location: 2F
0-2: Foul Ball, location: 2F
0-2: Ground out U3 (Groundball, 3, EV 81.9 MPH)
Batting: LHB Nick Deen 0-0: Called Strike
0-1: Ball
1-1: Ball
2-1: DOUBLE (Groundball, 3D, EV 100.0 MPH)
Batting: LHB Kien-lung Zou 0-0: Ball
1-0: Ball
2-0: DOUBLE (Line Drive, 7D, EV 98.1 MPH)
Nick Deen scores
Batting: RHB Carlos Livas 0-0: SINGLE (Groundball, 3D, EV 107.5 MPH)
Kien-lung Zou to third
Batting: LHB Jayden Pelayo 0-0: Ball
Carlos Livas steals 2nd base (no throw)
1-0: Ball
2-0: Swinging Strike
2-1: Foul Ball, location: 2F
2-2: Ball
3-2: Foul Ball, location: 2F
3-2: Strikes out looking
Batting: RHB Toshinori Tajima 0-0: Called Strike
0-1: Ball
1-1: Foul Ball, location: 2F
1-2: Foul Ball, location: 2F
1-2: Foul Ball, location: 2F
1-2: Ball
2-2: Foul Ball, location: 2F
2-2: 3-RUN HOME RUN (Flyball, 7LD, EV 98.1 MPH), Distance : 371 ft
Batting: RHB Neal Perucci 0-0: Foul Ball, location: 2F
0-1: Foul Ball, location: 2F
0-2: Ball
1-2: Ground out 6-3 (Groundball, 6, EV 83.1 MPH)
Bottom of the 3rd over - 4 runs, 4 hits, 0 errors, 0 left on base; University of Minnesota 1 - University of Southern California 5
TOP OF THE 4TH
University of Minnesota Golden Gophers batting - Pitching for University of Southern California Trojans : LHP Ray Paul
Batting: RHB Curtis Montgomery 0-0: Called Strike
0-1: Ball
1-1: Ball
2-1: Swinging Strike
2-2: Ball
3-2: Base on Balls
Batting: RHB Ramiro Vega 0-0: Swinging Strike
0-1: Swinging Strike
0-2: Foul Ball, location: 2F
0-2: Ball
1-2: Foul Ball, location: 2F
1-2: Fielders Choice at 2nd, 3-6 (Groundball, 13, EV 88.1 MPH)
Batting: LHB David Kyle 0-0: Called Strike
0-1: Ball
Passed Ball!
Ramiro Vega to second
1-1: Foul Ball, location: 5F, Error on foul ball, E5
1-2: SINGLE (Groundball, 6MD, EV 94.4 MPH)
Ramiro Vega to third
Batting: RHB Jim Unknown 0-0: Foul Ball, location: 2F
0-1: Foul Ball, location: 2F
0-2: Strikes out swinging
Batting: RHB Jim Unknown 0-0: Fly out, F3 (Popup, 23F, EV 87.5 MPH)
Top of the 4th over - 0 runs, 1 hit, 1 error, 2 left on base; University of Minnesota 1 - University of Southern California 5
BOTTOM OF THE 4TH
University of Southern California Trojans batting - Pitching for University of Minnesota Golden Gophers : RHP Mario Mata
Batting: LHB Jackson Wither 0-0: Ball
1-0: Called Strike
1-1: SINGLE (Groundball, P, EV 77.5 MPH) (infield hit)
Batting: RHB Paul Ngumi 0-0: Fly out, F8 (Flyball, 78XD, EV 95.6 MPH)
Batting: RHB Dermott Ayliffe 0-0: Foul Ball, location: 2F
0-1: Ball
1-1: Fielders Choice at 2nd, 4-6 (Groundball, 4, EV 91.9 MPH)
Batting: LHB Nick Deen 0-0: Ball
1-0: Called Strike
1-1: Fielders Choice at 2nd, 6-4 (Groundball, 6, EV 97.5 MPH)
Bottom of the 4th over - 0 runs, 1 hit, 0 errors, 1 left on base; University of Minnesota 1 - University of Southern California 5
TOP OF THE 5TH
University of Minnesota Golden Gophers batting - Pitching for University of Southern California Trojans : LHP Ray Paul
Batting: RHB Jim Unknown 0-0: Ball
1-0: Called Strike
1-1: Called Strike
1-2: Strikes out looking
Batting: RHB Jim Unknown 0-0: Called Strike
0-1: Swinging Strike
0-2: Foul Ball, location: 2F
0-2: Strikes out looking
Batting: SHB J.T. Ready 0-0: Ball
1-0: Ball
2-0: Called Strike
2-1: Ball
3-1: Called Strike
3-2: Base on Balls
Pitching: LHP Chris Kettenhofen
Batting: RHB Jim Unknown 0-0: Ball
1-0: Ball
2-0: Called Strike
2-1: Ball
3-1: Fielders Choice at 2nd, 6-4 (Groundball, 6, EV 98.8 MPH)
Top of the 5th over - 0 runs, 0 hits, 0 errors, 1 left on base; University of Minnesota 1 - University of Southern California 5
BOTTOM OF THE 5TH
University of Southern California Trojans batting - Pitching for University of Minnesota Golden Gophers : RHP Mario Mata
Pitching: LHP Ismael Flores
Batting: LHB Kien-lung Zou 0-0: Fly out, F5 (Popup, 5SF, EV 73.8 MPH)
Batting: RHB Carlos Livas 0-0: Ball
1-0: SINGLE (Groundball, 56D, EV 101.2 MPH)
Batting: LHB Jayden Pelayo 0-0: Ball
Carlos Livas is caught stealing 2nd base 2-6
1-0: Called Strike
1-1: DOUBLE (Groundball, 3L, EV 94.4 MPH)
Batting: RHB Toshinori Tajima 0-0: Foul Ball, location: 2F
0-1: Ball
1-1: Swinging Strike
1-2: Ball
2-2: Ball
3-2: Strikes out swinging
Bottom of the 5th over - 0 runs, 2 hits, 0 errors, 1 left on base; University of Minnesota 1 - University of Southern California 5
TOP OF THE 6TH
University of Minnesota Golden Gophers batting - Pitching for University of Southern California Trojans : LHP Chris Kettenhofen
Batting: RHB Curtis Montgomery 0-0: Ball
1-0: Foul Ball, location: 2F
1-1: Ground out 4-3 (Groundball, 4, EV 89.4 MPH)
Batting: RHB Ramiro Vega 0-0: Foul Ball, location: 2F
0-1: Ball
1-1: Ground out 4-3 (Groundball, 4, EV 83.8 MPH)
Batting: LHB David Kyle 0-0: Called Strike
0-1: Called Strike
0-2: SINGLE (Line Drive, 6M, EV 106.2 MPH)
Batting: RHB Jim Unknown 0-0: Ball
1-0: Foul Ball, location: 2F
1-1: Ball
2-1: Called Strike
2-2: Strikes out swinging
Top of the 6th over - 0 runs, 1 hit, 0 errors, 1 left on base; University of Minnesota 1 - University of Southern California 5
BOTTOM OF THE 6TH
University of Southern California Trojans batting - Pitching for University of Minnesota Golden Gophers : LHP Ismael Flores
Batting: RHB Neal Perucci 0-0: Ball
1-0: SINGLE (Flyball, 4D, EV 89.4 MPH)
Batting: LHB Jackson Wither 0-0: Ball
1-0: Foul Ball, location: 2F
1-1: Fly out, F4 (Popup, 4MD, EV 65.6 MPH)
Batting: RHB Paul Ngumi 0-0: Called Strike
0-1: Called Strike
0-2: Grounds into double play, 5-4-3 (Groundball, 56, EV 84.4 MPH)
Bottom of the 6th over - 0 runs, 1 hit, 0 errors, 0 left on base; University of Minnesota 1 - University of Southern California 5
TOP OF THE 7TH
University of Minnesota Golden Gophers batting - Pitching for University of Southern California Trojans : LHP Chris Kettenhofen
Pitching: RHP John Killough
Batting: RHB Jim Unknown 0-0: Ball
1-0: Ball
2-0: Ball
3-0: Called Strike
3-1: Called Strike
3-2: Reached on error, E5 (Groundball, 56, EV 84.4 MPH)
Batting: RHB Jim Unknown 0-0: Called Strike
0-1: Ball
1-1: Called Strike
1-2: Strikes out swinging
Batting: RHB Jim Unknown 0-0: Ball
1-0: Ball
2-0: Ball
3-0: Base on Balls
Jim Unknown to second
Batting: SHB J.T. Ready 0-0: Called Strike
0-1: Ball
1-1: Foul Ball, location: 2F
1-2: Ball
2-2: Ball
3-2: Base on Balls
Jim Unknown to third
Jim Unknown to second
Batting: RHB Jim Unknown 0-0: Called Strike
0-1: Ball
1-1: Ball
2-1: Foul Ball, location: 2F
2-2: Strikes out swinging
Batting: RHB Curtis Montgomery 0-0: Ball
1-0: Foul Ball, location: 2F
1-1: Ground out 1-3 (Groundball, P, EV 64.4 MPH)
Top of the 7th over - 0 runs, 0 hits, 1 error, 3 left on base; University of Minnesota 1 - University of Southern California 5
BOTTOM OF THE 7TH
University of Southern California Trojans batting - Pitching for University of Minnesota Golden Gophers : LHP Ismael Flores
Pitching: RHP Lorenzo Gutierrez
Batting: RHB Dermott Ayliffe 0-0: Ball
1-0: Ball
2-0: Ball
3-0: Base on Balls
Batting: LHB Nick Deen 0-0: Bunt missed!
0-1: Bunted foul
0-2: Ball
1-2: SINGLE (Line Drive, 89S, EV 100.0 MPH)
Dermott Ayliffe to second
Runner from 2nd tries for 3rd, SAFE, throw by CF made to third
Batting: LHB Kien-lung Zou 0-0: Called Strike
0-1: Ball
1-1: Swinging Strike
1-2: Hit by Pitch
Nick Deen to second
Batting: RHB Carlos Livas 0-0: Ball
1-0: Foul Ball, location: 2F
1-1: Fly out, F7 (Flyball, 7, EV 88.8 MPH)
Runner from 3rd tags up, SCORES, throw by LF
Batting: LHB Jayden Pelayo 0-0: Called Strike
0-1: Called Strike
0-2: Foul Ball, location: 2F
0-2: Strikes out swinging
Batting: RHB Toshinori Tajima 0-0: Foul Ball, location: 2F
0-1: Foul Ball, location: 2F
0-2: Ball
1-2: Ball
2-2: Strikes out looking
Bottom of the 7th over - 1 run, 1 hit, 0 errors, 2 left on base; University of Minnesota 1 - University of Southern California 6
TOP OF THE 8TH
University of Minnesota Golden Gophers batting - Pitching for University of Southern California Trojans : RHP John Killough
Batting: RHB Ramiro Vega 0-0: Ball
1-0: Fly out, F8 (Flyball, 8RD, EV 101.9 MPH)
Batting: LHB David Kyle 0-0: Ball
1-0: Ball
2-0: Called Strike
2-1: Ball
3-1: Foul Ball, location: 2F
3-2: Foul Ball, location: 2F
3-2: Base on Balls
Batting: RHB Jim Unknown 0-0: Called Strike
0-1: Swinging Strike
0-2: Strikes out looking
Pitching: LHP Logan Stewart
Batting: RHB Jim Unknown 0-0: Ground out 1-3 (Groundball, 15, EV 65.6 MPH)
Top of the 8th over - 0 runs, 0 hits, 0 errors, 1 left on base; University of Minnesota 1 - University of Southern California 6
BOTTOM OF THE 8TH
University of Southern California Trojans batting - Pitching for University of Minnesota Golden Gophers : RHP Lorenzo Gutierrez
Batting: RHB Neal Perucci 0-0: Ball
1-0: Foul Ball, location: 2F
1-1: SINGLE (Line Drive, 8LM, EV 93.8 MPH)
Pitching: RHP Onne Stubbe
Batting: LHB Jackson Wither 0-0: Called Strike
0-1: Fly out, F9 (Flyball, 9LD, EV 77.5 MPH)
Batting: RHB Paul Ngumi 0-0: Ball
1-0: SINGLE (Groundball, 4MD, EV 96.2 MPH)
Neal Perucci to second
Batting: RHB Dermott Ayliffe 0-0: Called Strike
0-1: Called Strike
0-2: Strikes out swinging
Batting: LHB Nick Deen 0-0: SINGLE (Groundball, 34S, EV 76.2 MPH) (infield hit)
Neal Perucci to third
Paul Ngumi to second
Batting: LHB Kien-lung Zou 0-0: Ball
1-0: Swinging Strike
1-1: Ball
2-1: Ball
3-1: Base on Balls
Neal Perucci scores
Paul Ngumi to third
Nick Deen to second
Batting: RHB Carlos Livas 0-0: Ball
1-0: Ball
2-0: Ball
3-0: Called Strike
3-1: Called Strike
3-2: Ground out 6-3 (Groundball, 6M, EV 83.1 MPH)
Bottom of the 8th over - 1 run, 3 hits, 0 errors, 3 left on base; University of Minnesota 1 - University of Southern California 7
TOP OF THE 9TH
University of Minnesota Golden Gophers batting - Pitching for University of Southern California Trojans : LHP Logan Stewart
Batting: RHB Jim Unknown 0-0: Called Strike
0-1: Called Strike
0-2: Strikes out looking
Batting: RHB Jim Unknown 0-0: Ball
1-0: Ball
2-0: Foul Ball, location: 2F
2-1: SINGLE (Groundball, 56D, EV 101.2 MPH)
Batting: SHB J.T. Ready 0-0: Called Strike
0-1: Ball
1-1: Swinging Strike
1-2: Strikes out swinging
Batting: RHB Jim Unknown 0-0: Called Strike
0-1: Ball
1-1: Foul Ball, location: 2F
1-2: Ball
2-2: Ball
3-2: Base on Balls
Jim Unknown to second
Batting: RHB Curtis Montgomery 0-0: Ball
1-0: Ball
2-0: Ground out 4-3 (Groundball, 4, EV 88.1 MPH)
Top of the 9th over - 0 runs, 1 hit, 0 errors, 2 left on base; University of Minnesota 1 - University of Southern California 7
Wednesday, June 22nd , 2022 - OOTP Baseball 23.4 Build 64